[Event "Djerba Festival Open-B 2025"]
[Site "Djerba"]
[Date "2025.02.21"]
[Round "6.18"]
[White "Dauvois, Theo"]
[Black "Le Dore, Yann"]
[Result "0-1"]
[Annotator "NA RC"]
[ECO "E30"]
[WhiteElo "1663"]
[BlackElo "1846"]
[PlyCount "116"]
[EventDate "2025.02.15"]
[EventType "swiss"]
[EventCountry "TUN"]
[SourceTitle "playchess.com"]
[Source "ChessBase"]
[SourceQuality "1"]
[TimeControl "5400+30"]

1. d4 Nf6 2. c4 e6 3. Nc3 Bb4 4. Bg5 c5 5. Bxf6 Qxf6 6. e3 O-O 7. a3 Bxc3+ 8. bxc3 b6 9. Rc1 Nc6 10. Nf3 Rd8 11. Bd3 Ba6 12. O-O d6 13. Re1 e5 14. Qc2 g6 15. Be4 Rac8 16. Bxc6 Rxc6 17. Qa4 Bb7 18. Qxa7 Qe7 19. d5 Rc7 20. Qxb6 e4 21. Nd2 Bc8 22. Qb3 Re8 23. a4 Qg5 24. Nf1 h5 25. Kh1 Rb7 26. Qc2 h4 27. h3 Qf6 28. Nh2 Kg7 29. a5 Ra7 30. Ra1 Qd8 31. Qa4 Bd7 32. Qa2 Qf6 33. Qb3 Rea8 34. a6 Bc8 35. Qc2 Rxa6 36. Rxa6 Rxa6 37. Qxe4 Ra2 38. Nf3 Rxf2 39. Kg1 Bf5 40. Qf4 Rb2 41. e4 Rxg2+ 42. Kh1 Bxh3 43. Qxf6+ Kxf6 44. e5+ dxe5 45. d6 Rf2 46. Nxe5 Rf1+ 47. Rxf1+ Bxf1 48. d7 Ke7 49. Nxf7 Kxd7 50. Ne5+ Ke6 51. Nxg6 h3 52. Nf8+ Ke5 53. Kh2 Kd6 54. Kg3 Bd3 55. Kxh3 Ke7 56. Kg4 Kxf8 57. Kf4 Ke7 58. Ke3 Bxc4 0-1

[Event "Djerba Festival Open-B 2025"]
[Site "Djerba"]
[Date "2025.02.21"]
[Round "6.19"]
[White "Zerarga, Imene"]
[Black "Kolodner, Garry"]
[Result "1-0"]
[Annotator "NA"]
[ECO "B08"]
[WhiteElo "1831"]
[BlackElo "1697"]
[PlyCount "101"]
[EventDate "2025.02.15"]
[EventType "swiss"]
[EventCountry "TUN"]
[SourceTitle "playchess.com"]
[Source "ChessBase"]
[SourceQuality "1"]
[TimeControl "5400+30"]

1. e4 g6 2. d4 Bg7 3. Nc3 d6 4. Nf3 Nf6 5. Be2 O-O 6. O-O c6 7. h3 e5 8. Be3 Qc7 9. Qd2 Re8 10. dxe5 dxe5 11. Rad1 Nbd7 12. Rfe1 Bf8 13. Bh6 Bb4 14. Bf1 Nc5 15. Ng5 Ne6 16. a3 Bf8 17. Bxf8 Rxf8 18. Nxe6 Bxe6 19. Qe3 b6 20. Nb1 Rad8 21. Nd2 Rd4 22. Qg5 Rfd8 23. Qxf6 Rxd2 24. Rxd2 Rxd2 25. Bd3 Qd6 26. Qg5 Rxd3 27. cxd3 Kg7 28. Qd2 c5 29. Qc3 a5 30. f4 Qd4+ 31. Qxd4 exd4 32. Kf2 h5 33. Kg3 h4+ 34. Kxh4 Bb3 35. Rc1 c4 36. Rf1 cxd3 37. Rf2 Kf6 38. Rd2 Bc4 39. g4 Ke6 40. Kg5 f5 41. gxf5+ gxf5 42. e5 a4 43. h4 Kd5 44. Kxf5 Bb5 45. e6 Be8 46. Rxd3 Kc4 47. Rd2 d3 48. Ke4 Bc6+ 49. Ke3 Kd5 50. f5 Ke5 51. Rf2 1-0

[Event "Djerba Festival Open-B 2025"]
[Site "Djerba"]
[Date "2025.02.21"]
[Round "6.20"]
[White "Jaouadi, Saif Eddine"]
[Black "Ertemi, Ibrahim K"]
[Result "0-1"]
[Annotator "NA"]
[ECO "B40"]
[WhiteElo "1641"]
[BlackElo "1823"]
[PlyCount "116"]
[EventDate "2025.02.15"]
[EventType "swiss"]
[EventCountry "TUN"]
[SourceTitle "playchess.com"]
[Source "ChessBase"]
[SourceQuality "1"]
[TimeControl "5400+30"]

1. e4 c5 2. Nc3 Nc6 3. Nf3 e6 4. d3 Be7 5. Bf4 d6 6. Be2 e5 7. Bd2 Nf6 8. a3 Nd4 9. Nxd4 cxd4 10. Nd5 Nxd5 11. exd5 O-O 12. c4 f5 13. O-O f4 14. Bf3 Bf5 15. Bc1 Rf6 16. g4 fxg3 17. fxg3 Bh3 18. Rf2 Qd7 19. Bg2 Rxf2 20. Kxf2 Qf5+ 21. Qf3 Qd7 22. Qd1 Rf8+ 23. Kg1 Bg4 24. Qe1 Qa4 25. h3 Bf3 26. Bf1 b5 27. Qb4 Qd1 28. Qd2 Qxd2 29. Bxd2 bxc4 30. dxc4 e4 31. Bf4 e3 32. h4 h6 33. c5 dxc5 34. d6 Bxh4 35. gxh4 Rxf4 36. d7 Rf8 37. Bc4+ Kh8 38. Rf1 Rd8 39. Rxf3 Rxd7 40. Rf8+ Kh7 41. h5 g6 42. Bd3 Kg7 43. Rc8 gxh5 44. Rxc5 Re7 45. Rc2 Kf6 46. b4 Ke5 47. Kh2 Kf4 48. Be2 Ke4 49. Rc4 Rf7 50. Bxh5 Rf2+ 51. Kg1 Kd3 52. Rc7 Kd2 53. Rc5 d3 54. Re5 Rf6 55. b5 e2 56. Bxe2 dxe2 57. Rd5+ Kc3 58. Rc5+ Kb2 0-1

[Event "Djerba Festival Open-B 2025"]
[Site "Djerba"]
[Date "2025.02.21"]
[Round "6.21"]
[White "Alouani, Ahmed"]
[Black "Girard, Adrien"]
[Result "1-0"]
[Annotator "NA"]
[ECO "D37"]
[WhiteElo "1617"]
[BlackElo "1796"]
[PlyCount "85"]
[EventDate "2025.02.15"]
[EventType "swiss"]
[EventCountry "TUN"]
[SourceTitle "playchess.com"]
[Source "ChessBase"]
[SourceQuality "1"]
[TimeControl "5400+30"]

1. Nf3 Nf6 2. d4 d5 3. c4 e6 4. Nc3 a6 5. cxd5 exd5 6. Bg5 Be7 7. h3 O-O 8. e3 c6 9. Bd3 Re8 10. Qc2 h6 11. Bh4 Nbd7 12. O-O Ne4 13. Bxe7 Qxe7 14. Bxe4 dxe4 15. Nd2 Nf6 16. a3 Bd7 17. Na4 Nd5 18. Qc5 Qg5 19. Kh2 f5 20. Nb6 Nxb6 21. Qxb6 Rab8 22. Qc7 Be6 23. Rac1 Qd8 24. Qxd8 Rexd8 25. Rc5 Rd5 26. b4 Rxc5 27. bxc5 Re8 28. Rb1 Bc8 29. Nc4 Rd8 30. Rb6 Kf7 31. Rb1 Ke6 32. Nb6 Bd7 33. h4 Ke7 34. Kg3 Be6 35. Kf4 Kf6 36. Na4 g5+ 37. hxg5+ hxg5+ 38. Kg3 Rd7 39. Nc3 Rh7 40. f3 exf3 41. Kxf3 Bd5+ 42. Nxd5+ cxd5 43. Rb6+ 1-0

[Event "Djerba Festival Open-B 2025"]
[Site "Djerba"]
[Date "2025.02.21"]
[Round "6.22"]
[White "Nayaradou, Philippe"]
[Black "Benzarti, Thabet"]
[Result "1-0"]
[Annotator "NA RC"]
[ECO "D53"]
[WhiteElo "1783"]
[BlackElo "1664"]
[PlyCount "31"]
[EventDate "2025.02.15"]
[EventType "swiss"]
[EventCountry "TUN"]
[SourceTitle "playchess.com"]
[Source "ChessBase"]
[SourceQuality "1"]
[TimeControl "5400+30"]

1. d4 d5 2. Nf3 Nf6 3. c4 e6 4. Nc3 c6 5. Bg5 Be7 6. e3 a6 7. c5 Nbd7 8. Bd3 O-O 9. O-O Re8 10. Qc2 Bf8 11. Bxf6 Nxf6 12. Ne5 Qc7 13. f4 h6 14. g4 Nd7 15. Bh7+ Kh8 16. Nxf7# 1-0

[Event "Djerba Festival Open-B 2025"]
[Site "Djerba"]
[Date "2025.02.21"]
[Round "6.23"]
[White "Soudani, Hassan"]
[Black "Smida, Tahar"]
[Result "0-1"]
[Annotator "NA RC"]
[ECO "A03"]
[WhiteElo "1598"]
[BlackElo "1769"]
[PlyCount "55"]
[EventDate "2025.02.15"]
[EventType "swiss"]
[EventCountry "TUN"]
[SourceTitle "playchess.com"]
[Source "ChessBase"]
[SourceQuality "1"]
[TimeControl "5400+30"]

1. f4 d5 2. Nf3 e6 3. g3 Nf6 4. Bg2 Bc5 5. d4 Bb6 6. b3 O-O 7. O-O c5 8. Ba3 Nbd7 9. Ne5 Qc7 10. Nc3 Re8 11. Nb5 Qd8 12. Nd6 Re7 13. e3 Qc7 14. Nb5 Qb8 15. Nxd7 Nxd7 16. e4 dxe4 17. Bxe4 Re8 18. Kh1 a6 19. Nc3 cxd4 20. Ne2 Nf6 21. Bf3 Qa7 22. Bd6 Bd7 23. Be5 Bb5 24. Bxf6 gxf6 25. Bh5 Bc6+ 26. Bf3 e5 27. Be4 Bd5 28. Bxd5 0-1

[Event "Djerba Festival Open-B 2025"]
[Site "Djerba"]
[Date "2025.02.21"]
[Round "6.24"]
[White "Badya, Vasily"]
[Black "Chaouech, Oussama"]
[Result "1-0"]
[Annotator "NA RC"]
[ECO "C01"]
[WhiteElo "1765"]
[BlackElo "1651"]
[PlyCount "71"]
[EventDate "2025.02.15"]
[EventType "swiss"]
[EventCountry "TUN"]
[SourceTitle "playchess.com"]
[Source "ChessBase"]
[SourceQuality "1"]
[TimeControl "5400+30"]

1. e4 e6 2. Nc3 d5 3. exd5 exd5 4. d4 Nf6 5. Nf3 Bd6 6. Bg5 c6 7. Qd2 O-O 8. Be2 Re8 9. O-O-O Qc7 10. Kb1 Ne4 11. Nxe4 dxe4 12. Ne1 f6 13. Be3 Be6 14. f3 f5 15. fxe4 fxe4 16. h4 Bg3 17. c4 a5 18. Nc2 Na6 19. a3 Rab8 20. Rdf1 b5 21. cxb5 cxb5 22. Bf4 Bxf4 23. Qxf4 Qd7 24. Qg5 Bb3 25. Ne3 Nc7 26. Bg4 Be6 27. h5 h6 28. Qg6 Rb6 29. d5 Nxd5 30. Nxd5 Bxg4 31. Nxb6 Qd3+ 32. Ka1 Rb8 33. Qxg4 b4 34. Qe6+ Kh8 35. a4 Qb3 36. Qxb3 1-0

[Event "Djerba Festival Open-B 2025"]
[Site "Djerba"]
[Date "2025.02.21"]
[Round "6.25"]
[White "Chelli, Hichem"]
[Black "Nahom, Perez"]
[Result "1-0"]
[Annotator "NA"]
[ECO "E12"]
[WhiteElo "1763"]
[BlackElo "1641"]
[PlyCount "61"]
[EventDate "2025.02.15"]
[EventType "swiss"]
[EventCountry "TUN"]
[SourceTitle "playchess.com"]
[Source "ChessBase"]
[SourceQuality "1"]
[TimeControl "5400+30"]

1. d4 Nf6 2. Nf3 e6 3. Bg5 d5 4. e3 Be7 5. Bd3 Nbd7 6. O-O b6 7. c4 Bb7 8. Nc3 O-O 9. Qc2 dxc4 10. Bxc4 Bxf3 11. gxf3 Nh5 12. Bxe7 Qxe7 13. Qe4 c5 14. Rad1 cxd4 15. Rxd4 e5 16. Rd2 Nc5 17. Qg4 Nf6 18. Qh4 Rad8 19. Rxd8 Rxd8 20. b4 Ne6 21. Ne4 h6 22. Kh1 Kh7 23. Rg1 g5 24. Nxg5+ Nxg5 25. Rxg5 e4 26. Rh5 Rd1+ 27. Kg2 exf3+ 28. Kxf3 Qb7+ 29. Bd5 Rxd5 30. Rxh6+ Kg7 31. Qxf6+ 1-0

[Event "Djerba Festival Open-B 2025"]
[Site "Djerba"]
[Date "2025.02.21"]
[Round "6.26"]
[White "Boudnani, Brahim"]
[Black "Hafsa, Yessine"]
[Result "1/2-1/2"]
[Annotator "NA"]
[ECO "D00"]
[WhiteElo "1721"]
[BlackElo "1503"]
[PlyCount "135"]
[EventDate "2025.02.15"]
[EventType "swiss"]
[EventCountry "TUN"]
[SourceTitle "playchess.com"]
[Source "ChessBase"]
[SourceQuality "1"]
[TimeControl "5400+30"]

1. d4 d5 2. Bf4 Nf6 3. e3 c5 4. c3 Nc6 5. Nd2 Bf5 6. Ngf3 h6 7. Ne5 c4 8. Be2 e6 9. Bg3 Be7 10. h3 O-O 11. Ng4 Ne4 12. Nxe4 Bxe4 13. Bf3 Bh7 14. h4 b5 15. Qd2 b4 16. Bf4 Qa5 17. Bd1 bxc3 18. bxc3 Nb4 19. Kf1 Nd3 20. Bg3 Ba3 21. Bc2 Bb2 22. Rb1 Bxc3 23. Qe2 Qxa2 24. Kg1 Nb4 25. Bxh7+ Kxh7 26. Qd1 Nd3 27. Kh2 Qd2 28. Qf3 Bb4 29. Rhd1 Qc2 30. h5 Qa4 31. Ne5 Nxe5 32. Bxe5 f6 33. Bg3 a5 34. Qg4 Qe8 35. f4 f5 36. Qf3 Qe7 37. Bf2 a4 38. g4 Bd6 39. Kh3 a3 40. Bh4 fxg4+ 41. Qxg4 Qf7 42. Rg1 Qf5 43. Rb7 Qxg4+ 44. Rxg4 Rg8 45. Bf6 Bf8 46. Rg1 a2 47. Ra1 Bd6 48. Rd7 Kh8 49. Bxg7+ Rxg7 50. Rxd6 Rc7 51. Rxe6 c3 52. Rxh6+ Kg7 53. Rg6+ Kh7 54. Rgg1 c2 55. Rgc1 Rc3 56. Kg4 Kh6 57. f5 Rxe3 58. Rxc2 Re4+ 59. Kf3 Kxh5 60. Raxa2 Rxa2 61. Rxa2 Kg5 62. f6 Rxd4 63. Ke3 Re4+ 64. Kd3 Kxf6 65. Rf2+ Ke5 66. Rf8 Rd4+ 67. Ke3 Re4+ 68. Kd3 1/2-1/2

[Event "Djerba Festival Open-B 2025"]
[Site "Djerba"]
[Date "2025.02.21"]
[Round "6.28"]
[White "Perrusset, Barbara"]
[Black "Baba, Mouadh"]
[Result "0-1"]
[Annotator "NA"]
[ECO "C47"]
[WhiteElo "1869"]
[BlackElo "1688"]
[PlyCount "73"]
[EventDate "2025.02.15"]
[EventType "swiss"]
[EventCountry "TUN"]
[SourceTitle "playchess.com"]
[Source "ChessBase"]
[SourceQuality "1"]
[TimeControl "5400+30"]

1. e4 e5 2. Nf3 Nc6 3. Nc3 Nf6 4. d4 exd4 5. Nxd4 Bb4 6. Nxc6 bxc6 7. Bd3 d5 8. exd5 cxd5 9. O-O O-O 10. Bg5 Bb7 11. Qf3 Be7 12. Rfe1 h6 13. Bxh6 gxh6 14. Qg3+ Kh8 15. Qe3 Ng8 16. Qe5+ f6 17. Qh5 Bb4 18. Re3 Bd6 19. Rae1 d4 20. Qg6 f5 21. Rh3 Rf6 22. Rxh6+ Nxh6 23. Re8+ Qxe8 24. Qxf6+ Kh7 25. Bxf5+ Nxf5 26. Qxf5+ Qg6 27. Qh3+ Kg8 28. Ne2 Re8 29. Qb3+ Qf7 30. Qxb7 Rxe2 31. Qc8+ Re8 32. Qg4+ Qg7 33. Qd1 Qg6 34. Kf1 Bxh2 35. Qxd4 Qa6+ 36. c4 Qe6 37. Qd1 0-1

[Event "Djerba Festival Open-B 2025"]
[Site "Djerba"]
[Date "2025.02.21"]
[Round "7.1"]
[White "Zenaidi, Sadok"]
[Black "Azreug, Lazhar"]
[Result "1-0"]
[Annotator "NA RC"]
[ECO "B36"]
[WhiteElo "1872"]
[BlackElo "1793"]
[PlyCount "89"]
[EventDate "2025.02.15"]
[EventType "swiss"]
[EventCountry "TUN"]
[SourceTitle "playchess.com"]
[Source "ChessBase"]
[SourceQuality "1"]
[TimeControl "5400+30"]

1. e4 c5 2. Nf3 Nc6 3. d4 cxd4 4. Nxd4 g6 5. c4 Nf6 6. Nc3 d6 7. Be2 Nxd4 8. Qxd4 Bg7 9. Be3 O-O 10. Qd2 Be6 11. Rb1 Qc7 12. b3 a5 13. f3 Nd7 14. O-O Nc5 15. Rfc1 Rfc8 16. Bd1 h5 17. a3 Qd8 18. a4 Ra6 19. Bc2 Qb6 20. Nb5 Bd7 21. f4 Bc6 22. Qe2 Qd8 23. Bd2 e5 24. f5 b6 25. Rf1 Qe7 26. Rf3 Raa8 27. Rbf1 Bh8 28. Rg3 Kh7 29. Qe3 Bg7 30. Rgf3 f6 31. fxg6+ Kxg6 32. Qe2 Rh8 33. Nc3 Ne6 34. Nd5 Qb7 35. Rxf6+ Bxf6 36. Rxf6+ Kg7 37. Rxe6 Bxd5 38. exd5 Rad8 39. Rg6+ Kf8 40. Qf3+ Ke8 41. Re6+ Kd7 42. Qf7+ Kc8 43. Re7 Qa6 44. Ra7 Rh7 45. Bxh7 1-0

[Event "Djerba Festival Open-B 2025"]
[Site "Djerba"]
[Date "2025.02.21"]
[Round "7.2"]
[White "Schmittheisler, Guillaume"]
[Black "Rafik yassine"]
[Result "1-0"]
[Annotator "RC"]
[ECO "A96"]
[WhiteElo "1888"]
[BlackElo "1909"]
[PlyCount "61"]
[EventDate "2025.02.15"]
[EventType "swiss"]
[EventCountry "TUN"]
[SourceTitle "playchess.com"]
[Source "ChessBase"]
[SourceQuality "1"]
[TimeControl "5400+30"]

1. d4 e6 2. c4 f5 3. Nf3 Nf6 4. g3 Be7 5. Bg2 d6 6. O-O O-O 7. Nc3 Ne4 8. Ne1 Nxc3 9. bxc3 Nd7 10. e4 e5 11. exf5 Rxf5 12. Rb1 Rf8 13. Nd3 Bf6 14. Ba3 exd4 15. Nf4 Nb6 16. cxd4 c6 17. Qb3 g5 18. c5+ Kh8 19. Nh5 dxc5 20. Nxf6 c4 21. Qe3 Rxf6 22. Be7 Re6 23. Bxd8 Rxe3 24. Bf6+ Kg8 25. fxe3 h6 26. Be5 Nd5 27. Bxd5+ cxd5 28. Rf6 Kh7 29. Rf8 b6 30. g4 Kg6 31. Rbf1 1-0

[Event "Djerba Festival Open-B 2025"]
[Site "Djerba"]
[Date "2025.02.21"]
[Round "7.3"]
[White "Tahir, Abderrahmane"]
[Black "Kole, Arda"]
[Result "1-0"]
[Annotator "NA RC"]
[ECO "A07"]
[WhiteElo "1891"]
[BlackElo "1848"]
[PlyCount "86"]
[EventDate "2025.02.15"]
[EventType "swiss"]
[EventCountry "TUN"]
[SourceTitle "playchess.com"]
[Source "ChessBase"]
[SourceQuality "1"]
[TimeControl "5400+30"]

1. Nf3 d5 2. g3 Nf6 3. Bg2 c6 4. O-O h6 5. d3 Bf5 6. Nbd2 Nbd7 7. Re1 Bh7 8. e4 dxe4 9. dxe4 e6 10. e5 Nd5 11. Ne4 Nc5 12. Nfd2 Qc7 13. Nxc5 Bxc5 14. Ne4 Bxe4 15. Rxe4 O-O-O 16. Qe2 Rd7 17. Bd2 Rhd8 18. Be1 Qb6 19. c3 Be7 20. b4 Kb8 21. a4 Rc8 22. a5 Qd8 23. Rb1 Bf8 24. c4 Ne7 25. b5 c5 26. Qf3 Nf5 27. Bc3 Qe7 28. a6 b6 29. Ree1 Kc7 30. Qb7+ Kd8 31. Rbd1 Nd4 32. Bxd4 cxd4 33. Bc6 Rcc7 34. Qb8+ Rc8 35. Qb7 Rcc7 36. Bxd7 Rxb7 37. axb7 Kc7 38. Rxd4 Kxb7 39. Bc6+ $18 Kc8 40. Red1 Qg5 41. Re1 Qe7 42. Red1 Qb4 43. Rd7 Be7 1-0

[Event "Djerba Festival Open-B 2025"]
[Site "Djerba"]
[Date "2025.02.21"]
[Round "7.4"]
[White "Lebret, Jean-Michel"]
[Black "Skhiri Youssef"]
[Result "0-1"]
[Annotator "RC"]
[ECO "C54"]
[WhiteElo "1995"]
[BlackElo "1808"]
[PlyCount "54"]
[EventDate "2025.02.15"]
[EventType "swiss"]
[EventCountry "TUN"]
[SourceTitle "playchess.com"]
[Source "ChessBase"]
[SourceQuality "1"]
[TimeControl "5400+30"]

1. e4 e5 2. Nf3 Nc6 3. Bc4 Bc5 4. c3 Nf6 5. d3 d6 6. b4 Bb6 7. O-O h6 8. Re1 O-O 9. a4 a6 10. Be3 Bxe3 11. Rxe3 Be6 12. Nbd2 Bxc4 13. Nxc4 b5 14. Na3 Qb8 15. Re1 Ne7 16. Qb3 Ng6 17. g3 c6 18. Nc2 Qc8 19. Kg2 Nf4+ 20. Kh1 Qh3 21. Rg1 Nxd3 22. Rg2 Nxe4 23. Kg1 Qf5 24. Nce1 Nexf2 25. Nxd3 Nh3+ 26. Kh1 Qxf3 27. Qd1 Qxd1+ 0-1

[Event "Djerba Festival Open-B 2025"]
[Site "Djerba"]
[Date "2025.02.21"]
[Round "7.5"]
[White "Bensadi, Lotfi"]
[Black "MEZGOURI NOUREDDINE"]
[Result "1-0"]
[Annotator "NA"]
[ECO "B15"]
[WhiteElo "1971"]
[BlackElo "1891"]
[PlyCount "47"]
[EventDate "2025.02.15"]
[EventType "swiss"]
[EventCountry "TUN"]
[SourceTitle "playchess.com"]
[Source "ChessBase"]
[SourceQuality "1"]
[TimeControl "5400+30"]

1. e4 c6 2. Nc3 e6 3. d4 d5 4. Nf3 Nf6 5. e5 Ng8 6. Be3 c5 7. dxc5 a6 8. b4 Ne7 9. Nd4 Nbc6 10. a3 Nxe5 11. f4 N5c6 12. Be2 Nxd4 13. Bxd4 Nf5 14. O-O Nxd4 15. Qxd4 Be7 16. Rad1 Bf6 17. Qd2 O-O 18. Na4 Rb8 19. Nb6 Qe8 20. f5 d4 21. fxe6 fxe6 22. Bg4 Qg6 23. Qe2 Re8 24. Bh5 1-0

[Event "Djerba Festival Open-B 2025"]
[Site "Djerba"]
[Date "2025.02.21"]
[Round "7.6"]
[White "Cherad, Mohammed"]
[Black "Guirat, Saber"]
[Result "1/2-1/2"]
[Annotator "RC"]
[ECO "B49"]
[WhiteElo "1768"]
[BlackElo "1956"]
[PlyCount "91"]
[EventDate "2025.02.15"]
[EventType "swiss"]
[EventCountry "TUN"]
[SourceTitle "playchess.com"]
[Source "ChessBase"]
[SourceQuality "1"]
[TimeControl "5400+30"]

1. e4 c5 2. Nf3 e6 3. d4 cxd4 4. Nxd4 Nc6 5. Nc3 Qc7 6. Be2 a6 7. O-O Nf6 8. Be3 b5 9. a3 Bb7 10. Nxc6 dxc6 11. f4 Be7 12. e5 Nd5 13. Nxd5 cxd5 14. Bd3 g6 15. Qg4 h5 16. Qg3 h4 17. Qg4 d4 18. Bxd4 O-O-O 19. Bf2 h3 20. Rfc1 hxg2 21. c4 b4 22. Qe2 Rh3 23. Be4 Rdh8 24. Bg3 Bh4 25. Bxb7+ Qxb7 26. Qxg2 Bxg3 27. Qxb7+ Kxb7 28. hxg3 Rxg3+ 29. Kf2 Rb3 30. axb4 Rxb2+ 31. Ke3 Rh3+ 32. Kd4 Rf3 33. Rf1 Rxf1 34. Rxf1 Rxb4 35. Kc5 Rb2 36. Kd6 Kc8 37. Ke7 Rb7+ 38. Kf6 Rc7 39. c5 Kb7 40. Rb1+ Kc6 41. Rb6+ Kxc5 42. Rxa6 Kd4 43. Ra4+ Ke3 44. Kg5 Rd7 45. Ra3+ Ke4 46. Ra4+ 1/2-1/2

[Event "Djerba Festival Open-B 2025"]
[Site "Djerba"]
[Date "2025.02.21"]
[Round "7.7"]
[White "Zouaghi, Ahmed"]
[Black "Ajbara Jamal"]
[Result "1-0"]
[Annotator "RC"]
[ECO "B23"]
[WhiteElo "1919"]
[BlackElo "1898"]
[PlyCount "97"]
[EventDate "2025.02.15"]
[EventType "swiss"]
[EventCountry "TUN"]
[SourceTitle "playchess.com"]
[Source "ChessBase"]
[SourceQuality "1"]
[TimeControl "5400+30"]

1. e4 c5 2. Nc3 e6 3. f4 d5 4. Nf3 d4 5. Bb5+ Nc6 6. Bxc6+ bxc6 7. Nb1 Nf6 8. d3 Be7 9. O-O O-O 10. Nbd2 Ba6 11. Ne5 Qc7 12. b3 Ne8 13. g3 f5 14. Qf3 Rc8 15. Ba3 Nf6 16. Rfe1 Ne8 17. exf5 Rxf5 18. Nec4 Qd7 19. Qe4 Nc7 20. Ne5 Qd6 21. Nxc6 Bf8 22. Nc4 Qd7 23. N4e5 Qd6 24. Nc4 Qd7 25. N6e5 Qe7 26. Nf3 Rf6 27. Nxd4 Nd5 28. Nxe6 Bb7 29. Ng5 Qxe4 30. dxe4 Nc3 31. Bb2 Nb5 32. Bxf6 gxf6 33. Nf3 Nc3 34. Nfd2 Rd8 35. Re3 Nb5 36. Rd3 Nd4 37. Kf2 Re8 38. c3 Nb5 39. a4 Nc7 40. Rd7 Rc8 41. Nd6 Bc6 42. Nxc8 Bxd7 43. Nxa7 c4 44. Nb5 Bc5+ 45. Kf3 Bxb5 46. axb5 cxb3 47. Nxb3 Bb6 48. c4 Ne6 49. Ra6 1-0

[Event "Djerba Festival Open-B 2025"]
[Site "Djerba"]
[Date "2025.02.21"]
[Round "7.8"]
[White "Cornileau, Raphael"]
[Black "Marceil, Jean"]
[Result "1-0"]
[Annotator "RC"]
[ECO "C05"]
[WhiteElo "1864"]
[BlackElo "1901"]
[PlyCount "112"]
[EventDate "2025.02.15"]
[EventType "swiss"]
[EventCountry "TUN"]
[SourceTitle "playchess.com"]
[Source "ChessBase"]
[SourceQuality "1"]
[TimeControl "5400+30"]

1. e4 e6 2. d4 d5 3. Nd2 Nf6 4. e5 Nfd7 5. f4 c5 6. c3 Nc6 7. Ngf3 a5 8. Bb5 Qb6 9. Qa4 Be7 10. O-O O-O 11. Bd3 f5 12. Rf2 Qc7 13. Bb1 cxd4 14. c4 Nb6 15. Qb5 Bd7 16. c5 Nc8 17. Qf1 Bxc5 18. Bd3 Nb4 19. Nb3 Qb6 20. Nxc5 Qxc5 21. a3 Nxd3 22. Qxd3 Nb6 23. Rc2 Bb5 24. Rxc5 Bxd3 25. Nxd4 Rfe8 26. Rc7 Ba6 27. b4 axb4 28. axb4 Bc4 29. Rxa8 Rxa8 30. Rxb7 Ra1 31. Rxb6 Rxc1+ 32. Kf2 Rd1 33. Nxe6 Rd2+ 34. Ke1 Re2+ 35. Kd1 h6 36. Nd4 Re4 37. Nxf5 Rxf4 38. Rb8+ Kh7 39. e6 Rxf5 40. e7 Bb3+ 41. Kd2 Ba4 42. e8=Q Bxe8 43. Rxe8 Rf2+ 44. Re2 Rf4 45. Kc3 Kg6 46. Rb2 Kf5 47. b5 Ke5 48. b6 Rc4+ 49. Kd3 Rc8 50. b7 Rb8 51. Rb6 h5 52. h4 g6 53. g3 Kf5 54. Kd4 Rxb7 55. Rxb7 Kg4 56. Rb3 Kf5 1-0

[Event "Djerba Festival Open-B 2025"]
[Site "Djerba"]
[Date "2025.02.21"]
[Round "7.9"]
[White "Ktita, Dhafer"]
[Black "Zerarga, Imene"]
[Result "*"]
[Annotator "RC"]
[ECO "B52"]
[WhiteElo "1949"]
[BlackElo "1831"]
[PlyCount "91"]
[EventDate "2025.02.15"]
[EventType "swiss"]
[EventCountry "TUN"]
[SourceTitle "playchess.com"]
[Source "ChessBase"]
[SourceQuality "1"]
[TimeControl "5400+30"]

1. e4 c5 2. Nf3 d6 3. Bb5+ Bd7 4. Bxd7+ Nxd7 5. c4 Ngf6 6. Nc3 g6 7. O-O Bg7 8. d3 O-O 9. Ne1 a6 10. f4 Rb8 11. a4 Qc7 12. Nc2 Rfe8 13. Bd2 Nf8 14. g4 e6 15. Qf3 h5 16. g5 N6d7 17. Rf2 Qb6 18. Rb1 Qb3 19. Na1 Qb4 20. Nb5 Qxa4 21. Nxd6 Qa2 22. Rff1 Red8 23. e5 b5 24. Nc2 bxc4 25. Bc3 cxd3 26. Qxd3 Qb3 27. Ne3 Nb6 28. Ra1 Nc8 29. Rxa6 Qb7 30. Nc2 Nxd6 31. Rxd6 Qc7 32. Rd1 Rxd6 33. Qxd6 Qxd6 34. Rxd6 Rc8 35. Na3 Nh7 36. Nc4 Bf8 37. Rd7 Kg7 38. Kf2 Re8 39. Nd6 Bxd6 40. exd6+ Kf8 41. Ke2 Ra8 42. Kd3 Ke8 43. Re7+ Kf8 44. Kc4 Rc8 45. Be5 Re8 46. Bg7+ *

[Event "Djerba Festival Open-B 2025"]
[Site "Djerba"]
[Date "2025.02.21"]
[Round "7.10"]
[White "Dejardin, Gregoire"]
[Black "Banat, Rizlene"]
[Result "1-0"]
[Annotator "RC"]
[ECO "A06"]
[WhiteElo "1932"]
[BlackElo "1785"]
[PlyCount "96"]
[EventDate "2025.02.15"]
[EventType "swiss"]
[EventCountry "TUN"]
[SourceTitle "playchess.com"]
[Source "ChessBase"]
[SourceQuality "1"]
[TimeControl "5400+30"]

1. Nf3 c5 2. b3 d5 3. e3 Nf6 4. Bb2 Nbd7 5. c4 b6 6. Nc3 Bb7 7. Be2 e6 8. O-O Bd6 9. cxd5 exd5 10. d4 O-O 11. a4 Ne4 12. dxc5 Nxc3 13. Bxc3 Nxc5 14. a5 Ne4 15. Bb2 bxa5 16. Qd4 f6 17. Rfd1 Qb6 18. Ba3 Bxa3 19. Rxa3 Rfc8 20. Rda1 Rc5 21. Bd3 Rac8 22. g3 Ba6 23. Kg2 Bxd3 24. Qxd3 Nd6 25. Nd4 Nb7 26. Qf5 Re8 27. Qd7 Rd8 28. Qe6+ Qxe6 29. Nxe6 Rdc8 30. Nxc5 Rxc5 31. Kf3 Kf7 32. R1a2 Kg6 33. Ke2 Rb5 34. f3 Rb4 35. Kd3 Rb5 36. Kc3 a6 37. Rd2 Rc5+ 38. Kb2 Rb5 39. Ka2 Rc5 40. Kb2 Rb5 41. Rd4 Nd6 42. Ka1 Nf5 43. Rd3 Ne7 44. Rc3 Nf5 45. Ra4 Nd6 46. Ka2 Nb7 47. Rd4 Nd6 48. e4 Rb4 1-0

[Event "Djerba Festival Open-B 2025"]
[Site "Djerba"]
[Date "2025.02.21"]
[Round "7.11"]
[White "Nayaradou, Philippe"]
[Black "Gely, Bernard"]
[Result "1/2-1/2"]
[Annotator "NA"]
[ECO "E11"]
[WhiteElo "1783"]
[BlackElo "1928"]
[PlyCount "54"]
[EventDate "2025.02.15"]
[EventType "swiss"]
[EventCountry "TUN"]
[SourceTitle "playchess.com"]
[Source "ChessBase"]
[SourceQuality "1"]
[TimeControl "5400+30"]

1. d4 Nf6 2. Nf3 e6 3. c4 Bb4+ 4. Bd2 Qe7 5. a3 Bxd2+ 6. Qxd2 b6 7. Nc3 Bb7 8. g3 O-O 9. Bg2 d6 10. O-O c5 11. Rfd1 Nbd7 12. dxc5 dxc5 13. Qd6 Rfe8 14. Rd2 Nf8 15. Rad1 Qxd6 16. Rxd6 Ne4 17. Nxe4 Bxe4 18. Ne5 Bxg2 19. Kxg2 f6 20. Nf3 Kf7 21. e4 Rac8 22. e5 Ke7 23. Kf1 Red8 24. Rxd8 Rxd8 25. Rxd8 Kxd8 26. Ke2 Ke7 27. exf6+ gxf6 1/2-1/2

[Event "Djerba Festival Open-B 2025"]
[Site "Djerba"]
[Date "2025.02.21"]
[Round "7.12"]
[White "Ertemi, Ibrahim K"]
[Black "Charfeddine, Akram"]
[Result "*"]
[Annotator "ChessBase"]
[ECO "B23"]
[WhiteElo "1823"]
[BlackElo "1915"]
[PlyCount "102"]
[EventDate "2025.02.15"]
[EventType "swiss"]
[EventCountry "TUN"]
[SourceTitle "playchess.com"]
[Source "ChessBase"]
[SourceQuality "1"]
[TimeControl "5400+30"]

1. e4 c5 2. Nc3 d6 3. Be2 Nc6 4. Nd5 e6 5. Ne3 Nf6 6. d3 d5 7. exd5 exd5 8. Ng4 Be7 9. Nxf6+ Bxf6 10. Nf3 O-O 11. h3 Qb6 12. O-O Bf5 13. c3 h6 14. Qd2 Rfe8 15. b3 Qa5 16. Bb2 d4 17. b4 dxc3 18. Bxc3 Bxc3 19. Qxc3 Qxb4 20. Qc2 Nd4 21. Nxd4 Qxd4 22. Rfe1 Rad8 23. Bf1 b6 24. a4 a5 25. Red1 Rd6 26. Rab1 Red8 27. Qb3 Rg6 28. Re1 Bxh3 29. Re4 Qd6 30. Rbe1 Be6 31. Qb2 Rg4 32. Rb1 Rg6 33. Rbe1 Rg4 34. Rb1 Rb8 35. Qc3 h5 36. Be2 Rg5 37. Rh4 Bg4 38. Bf1 Re8 39. Qc1 Rd5 40. f3 Bxf3 41. Rf4 Bg4 42. Rf2 Rd4 43. Qg5 Rxa4 44. Rc1 Rb4 45. Qd2 Qe5 46. Qa2 Re6 47. Qd2 Rf6 48. Re1 Qd4 49. Re4 Rxf2 50. Qxf2 Qxf2+ 51. Kxf2 Rxe4 *